 Dungeon Crawl Stone Soup version 0.31-a0-977-gc230f8ef24 (webtiles) character file.

Game seed: 406378417610029736

2311 Dirtsage the Martial Artist (level 9, -1/61 HPs)
             Began as an Octopode Shapeshifter on Oct 29, 2023.
             Killed from afar by an orc wizard (5 damage)
             ... with a magic dart
             ... on level 6 of the Dungeon.
             The game lasted 00:09:40 (4976 turns).

Dirtsage the Martial Artist (Octopode Shapeshifter) Turns: 4976, Time: 00:09:41

Health: -1/61      AC:  1    Str: 13    XL:     9   Next: 41%
Magic:  9/9        EV: 13    Int: 13    God:
Gold:   339        SH:  0    Dex: 15    Spells: 5/8 levels left

rFire   . .          .
                       - Unarmed
rCold   . . .        (no shield)
rNeg    . . .        (helmet currently unavailable)
rPois   .            (no amulet)
rElec   .            (no ring)
rCorr   .            (no ring)
SInv    .            (no ring)
Will    .....        (no ring)
Stlth   ++           (no ring)
HPRegen 0.30/turn    (no ring)
MPRegen 0.11/turn    (no ring)
                     (no ring)

%: no passive effects
@: confused, beast-form
A: beast (slay +4), almost no armour, amphibious, 8 rings, camouflage 1,
gelatinous body 1, (nimble swimmer 1), tentacles
a: Begin Untransformation


You were on level 6 of the Dungeon.
You were a hulking beast.
You visited 1 branch of the dungeon, and saw 6 of its levels.

You collected 339 gold pieces.

Inventory:

Jewellery
 a - an amulet of regeneration
 e - a ring of ice
Talismans
 b - a beast talisman
 c - a flux talisman
Wands
 j - a wand of roots (3)
 r - a wand of flame (13)
Scrolls
 d - 5 scrolls of identify {unknown}
 f - 2 scrolls of poison {unknown}
 g - 5 scrolls of enchant armour {unknown}
 i - 2 scrolls of immolation {unknown}
 l - a scroll of vulnerability {unknown}
 n - 2 scrolls of enchant weapon {unknown}
 o - a scroll of teleportation {unknown}
 p - a scroll of amnesia {unknown}
Potions
 h - a potion of haste {unknown}
 k - a potion of heal wounds {unknown}
 m - a potion of mutation {unknown}


   Skills:
 + Level 5.3 Fighting
 - Level 2.0 Dodging
 * Level 8.3 Unarmed Combat
 + Level 1.7 Summonings
 * Level 7.7 Shapeshifting


You had 5 spell levels left.
You knew the following spells:

 Your Spells              Type           Power      Damage    Failure   Level
c - Call Canine Familiar  Summ           4%         N/A       41%         3

Your spell library contained the following spells:

 Spells                   Type           Power      Damage    Failure   Level
 Summon Small Mammal      Summ           16%        N/A       16%         1
 Kiss of Death            Conj/Necr      0%         2d5       30%         1
 Magic Dart               Conj           0%         1d3       30%         1
 Sting                    Tmut/Pois      0%         1d3       30%         1
 Poisonous Vapours        Pois/Air       0%         N/A       43%         2
 Searing Ray              Conj           0%         2d4       43%         2
 Summon Guardian Golem    Hex/Summ       2%         N/A       54%         3
 Confusing Touch          Hex            0%         N/A       67%         3
 Dispel Undead            Necr           0%         3d6       97%         4
 Fulminant Prism          Conj/Hex       0%         3d5       97%         4
 Olgreb's Toxic Radiance  Pois           0%         N/A       97%         4


Dungeon Overview and Level Annotations

Branches:
Dungeon (6/15)
 Temple: D:4-7

Altars:
Ashenzari
Makhleb


Innate Abilities, Weirdness & Mutations

You are a hulking beast.
Your limbs bulge with bestial killing power. (Slay +4)
You cannot wear most types of armour.
You are amphibious.
You can wear up to eight rings at the same time.
Your skin changes colour to match your surroundings (Stealth+).
Your rubbery body absorbs attacks. (AC +1, EV +1)
((You are camouflaged when in or above water. (Stealth+)))
You have tentacles for arms and can constrict up to eight enemies at once.


Message History

q - a potion of curing;
e - a ring of ice You regained 6 hp, and now have 27/61 hp.
You bludgeon the orc!
You kill the orc!
An iguana comes into view.
You swing at nothing.
You closely miss something. Something hits you.
You take 1 damage, and have 26/61 hp.
You closely miss something. Your squeeze misses something.
You hear some strange, mumbled words.
A puff of flame appears from out of thin air!
The puff of flame hits you!
* * * LOW HITPOINT WARNING * * *
You take 9 damage, and have 17/61 hp.
You tentacle-slap something. Your squeeze misses something. Something hits you.
* * * LOW HITPOINT WARNING * * *
You take 3 damage, and have 14/61 hp.
You feel better.
The orc wizard mumbles some strange words.
The orc wizard flickers and vanishes!
Something hits you.
You regained 7 hp, and now have 21/61 hp.
You barely miss something. Something hits you.
* * * LOW HITPOINT WARNING * * *
You take 4 damage, and have 17/61 hp.
A magic dart appears from out of thin air!
The magic dart hits something!
A magic dart appears from out of thin air!
The magic dart hits you!
* * * LOW HITPOINT WARNING * * *
You take 10 damage, and have 7/61 hp.
You hear the brisk rusting of a distant drain.
You see here 2 poisoned darts.
A puff of flame appears from out of thin air!
The puff of flame hits you.
* * * LOW HITPOINT WARNING * * *
You take 5 damage, and have 3/61 hp.
You are confused.
A magic dart appears from out of thin air!
The magic dart hits you.
You die...

....?.. #..#####
#.##..# ##o....# .
#.. ##l(..# ##. .
#{...# # #.##....#
#.......## #
####.....##### #.
#.#.....>.#
##.####.#..h....#
................#
.........#......#
.........#......#
..........#..#####
..######<###.#
##..........#.##
####..##.......#..#
......##.......##.#


You could see an iguana and an orc.

Vanquished Creatures
  Prince Ribbit (D:6)
  Sigmund (D:3)
  2 water moccasins
  A black bear (D:5)
  An ogre (D:4)
  A phantom (D:5)
  A bullfrog (D:6)
  4 scorpions
  9 killer bees
  A howler monkey (D:6)
  3 hounds (D:5)
  A gnoll bouda (D:5)
  3 jellies
  An orc priest (D:3)
  5 iguanas
  2 orc wizards (D:3)
  Ijyb (D:3)
  10 gnolls
  7 adders
  A shadow imp (D:5)
  2 ufetubi (D:5)
  5 worms
  2 dart slugs (D:1)
  10 orcs
  2 bats (D:3)
  4 endoplasms
  2 giant cockroaches
  3 hobgoblins
  16 jackals
  3 quokkas
  7 ball pythons
  2 frilled lizards (D:2)
  12 goblins
  4 kobolds
  11 rats
141 creatures vanquished.

Notes
Turn   | Place    | Note
-------+----------+-------------------------------------------
     0 | D:1      | Dirtsage the Octopode Shapeshifter began the quest for the
                  | Orb.
     0 | D:1      | Reached XP level 1. HP: 13/13 MP: 1/1
   211 | D:1      | Reached XP level 2. HP: 16/18 MP: 2/2
   430 | D:1      | Reached XP level 3. HP: 23/23 MP: 3/3
   861 | D:2      | Reached XP level 4. HP: 27/29 MP: 4/4
  1149 | D:2      | Found a faded altar of an unknown god.
  1203 | D:2      | Reached skill level 4 in Unarmed Combat
  1657 | D:3      | Reached XP level 5. HP: 23/34 MP: 5/5
  1790 | D:3      | Noticed Ijyb
  1812 | D:3      | Killed Ijyb
  1951 | D:3      | Found a broken altar of Ashenzari.
  2286 | D:3      | Reached XP level 6. HP: 40/41 MP: 6/6
  2360 | D:3      | Found a burning altar of Makhleb.
  2412 | D:3      | Noticed Sigmund
  2421 | D:3      | Killed Sigmund
  2422 | D:3      | Reached skill level 5 in Unarmed Combat
  2741 | D:3      | Reached skill level 5 in Shapeshifting
  2751 | D:3      | Reached XP level 7. HP: 21/46 MP: 7/7
  3269 | D:4      | Learned a level 3 spell: Call Canine Familiar
  3592 | D:5      | Entered Level 5 of the Dungeon
  3640 | D:5      | Reached skill level 6 in Unarmed Combat
  3774 | D:5      | Reached XP level 8. HP: 42/54 MP: 8/8
  4152 | D:5      | Reached skill level 7 in Unarmed Combat
  4553 | D:5      | Reached XP level 9. HP: 57/60 MP: 9/9
  4657 | D:6      | Reached skill level 5 in Fighting
  4832 | D:6      | Reached skill level 8 in Unarmed Combat
  4832 | D:6      | Reached skill level 1 in Summonings
  4837 | D:6      | Noticed Prince Ribbit
  4851 | D:6      | Killed Prince Ribbit
  4973 | D:6      | HP: 3/61 [something/puff of flame (5)]
  4976 | D:6      | Killed from afar by an orc wizard

Illustrated notes

Levels and vault maps discovered:
D:1:      saegor_arrival_simple_a, layout_loops_ring, serial_park_tiny_1
D:2:      layout_basic, hellmonk_ecumenical_altar_pennies_from_heaven,
          kennysheep_generic_room_5
D:3:      kennysheep_goblin_castle, layout_basic, lemuel_doored_altar,
          nicolae_ashenzari_panopticon, uniq_sigmund
D:4:      layout_rooms
D:5:      nicolae_cairo_tiling, layout_rooms
D:6:      layout_rooms, mainiacjoe_overflow_small_starburst,
          minmay_temple_entry_poolview, cheibrodos_sewer_entry_drain,
          kennysheep_generic_room_15, uniq_prince_ribbit1

Skill      XL: |  1  2  3  4  5  6  7  8  9 |
---------------+----------------------------+-----
Unarmed Combat | 4 5 6 7 8 |  8.3
Fighting       | 2 3 4 5 |  5.3
Shapeshifting  | 4 5 7 |  7.7
Summonings     | 1 |  1.7
Dodging        | |  2.0

Action                     |  1- 3 |  4- 6 |  7- 9 || total
---------------------------+-------+-------+-------++-------
  Melee: Unarmed           |    45 |   110 |   164 ||   319
         Constrict         |    14 |    23 |    35 ||    72
         Punch             |     2 |     2 |     4 ||     8
         Tentacles         |     9 |    17 |    36 ||    62
  Evoke: Wand              |       |     3 |     1 ||     4
    Use: Potion            |       |       |     4 ||     4
   Stab: Sleeping          |     5 |     4 |     3 ||    12
 Armour: Skin              |    12 |    59 |   130 ||   201
  Dodge: Dodged            |    20 |    84 |    53 ||   157

Table legend: (Time is in decaauts)
 A = Elapsed time spent in this place.
 B = Non-inter-level travel time spent in this place.
 C = Inter-level travel time spent in this place.
 D = Time resting spent in this place.
 E = Time spent auto-exploring this place.
 F = Levels seen in this place.
 G = Mean time per level.
                   A        B        C        D        E       F      G
               +--------+--------+--------+--------+--------+-----+--------+
         Total |   4940 |   4762 |    178 |    307 |   3409 |   6 |  823.3 |
       Dungeon |   4940 |   4762 |    178 |    307 |   3409 |   6 |  823.3 |
               +--------+--------+--------+--------+--------+-----+--------+

Top non-repeatable levels by time:
     D:3: 1367 daAuts
     D:5: 1003 daAuts
     D:1: 761 daAuts
     D:4: 733 daAuts
     D:2: 713 daAuts
     D:6: 360 daAuts
